 Dungeon Crawl Stone Soup version 0.28.0-45-g0d030f2227 (webtiles) character file.

Game seed: 8125214367205083369

1243 powzer the Covered (level 8, -1/70 HPs)
             Began as a Minotaur Berserker on Apr 19, 2022.
             Was a Priest of Trog.
             Succumbed to Edmund's poison
             ... on level 5 of the Dungeon.
             The game lasted 00:44:26 (4494 turns).

powzer the Covered (Minotaur Berserker)             Turns: 4494, Time: 00:44:27

Health: -1/70      AC: 23    Str: 28    XL:     8   Next: 25%
Magic:  7/7        EV: 12    Int:  4    God:    Trog [***...]
Gold:   172        SH:  0    Dex: 12    Spells: 7/7 levels left

rFire   . . .      SeeInvis .   p - +0 flail (protect)
rCold   . . .      Faith    .   (no shield)
rNeg    . . .      Spirit   .   q - +0 scale mail
rPois   .          Reflect  .   e - +2 hat
rElec   .          Harm     .   D - +1 cloak {Stlth+}
rCorr   .          Rampage  .   (no gloves)
Will    .....                   (no boots)
Stlth   +.........              (no amulet)
HPRegen 0.21/turn               g - +6 ring of strength
MPRegen 0.10/turn               b - +4 ring of protection

@: lethally poisoned (-1 -> -18), under a protective aura, on berserk cooldown,
slowed, very slow
A: horns 2, retaliatory headbutt
a: Renounce Religion, Berserk, Trog's Hand


You were on level 5 of the Dungeon.
You worshipped Trog.
Trog was most pleased with you.
You visited 1 branch of the dungeon, and saw 5 of its levels.
You also visited: Sewer.

You collected 172 gold pieces.

Inventory:

Hand Weapons
 a - a +0 hand axe
 o - a +2 long sword of holy wrath
 p - a +0 flail of protection (weapon)
Missiles
 c - 108 stones (quivered)
 n - 29 poisoned darts
Armour
 e - a +2 hat (worn)
 q - a +0 scale mail (worn)
 D - a +1 cloak of stealth (worn)
Jewellery
 b - a +4 ring of protection (right hand)
 g - a +6 ring of strength (left hand)
 r - a ring of flight
Scrolls
 f - a scroll of identify
 j - a scroll of enchant weapon {unknown}
 s - 2 scrolls of fear
 t - a scroll of holy word {unknown}
 x - a scroll of magic mapping {unknown}
 y - a scroll of brand weapon {unknown}
 A - 3 scrolls of teleportation
 B - a scroll of enchant armour {unknown}
Potions
 d - a potion of curing {unknown}
 h - a potion of brilliance {unknown}
 i - a potion of berserk rage {unknown}
 k - 2 potions of degeneration {unknown}
 l - 3 potions of ambrosia {unknown}
 m - a potion of resistance {unknown}
 v - a potion of haste {unknown}
 w - 2 potions of heal wounds {unknown}
 z - 2 potions of invisibility {unknown}


   Skills:
 + Level 5.6 Fighting
 + Level 1.0 Long Blades
 + Level 5.2(6.6) Axes
 + Level 6.3(7.2) Maces & Flails
 * Level 7.0 Armour
 + Level 4.4 Dodging
 - Level 0.5 Stealth


You had 7 spell levels left.
You didn't know any spells.
Your spell library was empty.

Dungeon Overview and Level Annotations

Branches:
Dungeon (5/15)             Temple (0/1) D:4           Sewer (visited)

Altars:
Uskayaw


Innate Abilities, Weirdness & Mutations

You have a pair of horns on your head.
You reflexively headbutt those who attack you in melee.


Message History

Edmund hits you but does no damage.
You hit Edmund. Your headbutt misses Edmund.
Edmund is heavily wounded.
* * * LOW HITPOINT WARNING * * *
You feel very sick. Edmund hits you but does no damage.
You are lethally poisoned!
You closely miss Edmund.
Edmund is heavily wounded.
* * * LOW HITPOINT WARNING * * *
You feel very sick. Edmund barely misses you.
Okay, then.
You are too berserk!
You hit Edmund. Your headbutt misses Edmund.
Edmund is severely wounded.
* * * LOW HITPOINT WARNING * * *
You feel very sick.
You barely miss Edmund.
Edmund is severely wounded.
* * * LOW HITPOINT WARNING * * *
You feel very sick. Edmund hits you but does no damage.
You are more poisoned.
You bludgeon Edmund!!
You kill Edmund!
Trog accepts your kill.
* * * LOW HITPOINT WARNING * * *
You feel very sick.
Your Armour skill increases to level 7!
You are too berserk!
* * * LOW HITPOINT WARNING * * *
You feel very sick.
You feel a strong urge to attack something.
* * * LOW HITPOINT WARNING * * *
You feel very sick.
You are no longer berserk.
You are exhausted.
You feel yourself slow down.
You die...

.!......######....
....###.........# #.....
....#...........###.####
#..#...........#.#####≈
#................# #≈≈≈
#..............)#####≈
##.........#.##..## ##
##..........#......# #
#...).@.....#......#
#.(...###.....#.....#
##.... ####....#####
#.... ##.....# #..#.
##..### ##.## #### #


There were no monsters in sight!

Vanquished Creatures
  Edmund (D:5)
  Duvessa (D:4)
  A hornet zombie (D:5)
  A necrophage (D:5)
  2 ogres (D:4)
  A kobold brigand (Sewer)
  A wyvern zombie (D:4)
  A scorpion (D:4)
  Dowan (D:4)
  Crazy Yiuf (D:3)
  A hound (D:4)
  A centaur skeleton (D:4)
  3 orc priests (D:3)
  An iguana (D:4)
  Terence (D:3)
  2 orc wizards
  6 adders
  A river rat (D:3)
  An adder skeleton (D:4)
  11 orcs
  6 ball pythons
  7 endoplasms
  2 giant cockroaches
  10 goblins
  9 hobgoblins
  3 jackals (D:4)
  6 quokkas
  2 bats (Sewer)
  4 frilled lizards
  14 kobolds
  9 rats
  2 bushes (D:3)
113 creatures vanquished.

Vanquished Creatures (others)
  A fungus (D:1)
  10 plants
11 creatures vanquished.

Grand Total: 124 creatures vanquished

Notes
Turn   | Place    | Note
-------+----------+-------------------------------------------
     0 | D:1      | powzer the Minotaur Berserker began the quest for the Orb.
     0 | D:1      | Reached XP level 1. HP: 19/19 MP: 0/0
   401 | D:1      | Found a faded altar of an unknown god.
   971 | D:2      | Reached XP level 2. HP: 20/27 MP: 1/1
  1258 | D:2      | Found a hide-covered altar of Uskayaw.
  1265 | D:2      | Reached XP level 3. HP: 21/33 MP: 2/2
  1701 | D:2      | Reached ** piety under Trog
  1982 | D:3      | Noticed Terence
  1991 | D:3      | Killed Terence
  1992 | D:3      | Reached skill level 3 in Armour
  1992 | D:3      | Reached XP level 4. HP: 39/41 MP: 3/3
  2189 | D:3      | Reached skill level 5 in Axes
  2225 | D:3      | Reached XP level 5. HP: 47/47 MP: 4/4
  2236 | D:3      | Found a glowing drain.
  2244 | Sewer    | Entered a sewer
  2399 | Sewer    | Reached skill level 1 in Maces & Flails
  2399 | Sewer    | Reached skill level 4 in Armour
  2484 | Sewer    | Reached *** piety under Trog
  2766 | D:3      | Reached skill level 1 in Long Blades
  2766 | D:3      | Reached XP level 6. HP: 55/55 MP: 5/5
  3278 | D:3      | Found a runed translucent door.
  3279 | D:3      | Noticed Crazy Yiuf
  3284 | D:3      | Killed Crazy Yiuf
  3285 | D:3      | Reached skill level 5 in Fighting
  3436 | D:4      | Reached skill level 5 in Armour
  3456 | D:4      | Reached XP level 7. HP: 57/61 MP: 6/6
  3458 | D:4      | Identified the +0 leather armour "Sucor" {-Tele rC+ Int+2}
  3540 | D:4      | Found a staircase to the Ecumenical Temple.
  4177 | D:4      | Noticed Duvessa
  4177 | D:4      | Noticed Dowan
  4187 | D:4      | Killed Duvessa
  4188 | D:4      | Reached skill level 5 in Maces & Flails
  4188 | D:4      | Reached skill level 6 in Armour
  4192 | D:4      | Killed Dowan
  4329 | D:5      | Entered Level 5 of the Dungeon
  4349 | D:5      | Reached XP level 8. HP: 69/69 MP: 7/7
  4476 | D:5      | Noticed Edmund
  4491 | D:5      | Killed Edmund
  4492 | D:5      | Reached skill level 7 in Armour
  4493 | D:5      | HP: 4/105 [poisoned by Edmund]
  4494 | D:5      | Succumbed to Edmund's poison

Illustrated notes

Levels and vault maps discovered:
D:1:      tarquinn_simple_flora_water_d, layout_basic,
          shapermc_ecumenical_altar_acropolis
D:2:      layout_basic, basic_altar, serial_glass, glass_columns_a,
          glass_columns_b, feat_on_display, minmay_strange_pillars,
          due_unseen_surprise, guppyfry_early_orc_mine
D:3:      layout_loops_ring, gup_sewer_entry_bubbles, serial_forest,
          infiniplex_forest_lined_corner, infiniplex_forest_straight_2,
          infiniplex_forest_end_2, infiniplex_forest_clump_small,
          infiniplex_forest_lined_3, infiniplex_forest_clump_curved,
          st_stairs_5, uniq_crazy_yiuf_cottage, uniq_terence
D:4:      layout_gridville, temple_hall, uniq_duvessa
D:5:      layout_cave_pools, serial_shops, shop, serial_rivers,
          chequers_serial_rivers_small_3, chequers_serial_rivers_small_a,
          chequers_serial_rivers_micro_b, chequers_serial_rivers_small_b,
          chequers_serial_rivers_large_a, minmay_manual_maat, uniq_edmund

Skill      XL: |  1  2  3  4  5  6  7  8 |
---------------+-------------------------+-----
Fighting       | 4 5 |  5.6
Axes           | 4 5 |  5.2
Armour         | 3 4 5 6 7 |  7.0
Maces & Flails | 2 4 5 6 |  6.3
Long Blades    | 1 |  1.0
Dodging        | 3 4 |  4.4
Stealth        | |  0.5

Action                   |  1- 3 |  4- 6 |  7- 9 || total
-------------------------+-------+-------+-------++-------
Melee: Hand axe          |    84 |       |       ||    84
       Headbutt          |    29 |    35 |    14 ||    78
       Long sword        |    36 |     5 |       ||    41
       Punch             |     1 |     3 |     1 ||     5
       Flail             |       |   167 |    80 ||   247
Invok: Berserk           |       |     2 |     1 ||     3
  Use: Scroll            |       |       |     2 ||     2
Armor: Animal skin       |     3 |       |       ||     3
       Leather armour    |    11 |       |       ||    11
       Ring mail         |     3 |    10 |       ||    13
       Scale mail        |       |    58 |    45 ||   103
Dodge: Dodged            |    39 |    84 |    34 ||   157
